 Dungeon Crawl Stone Soup version 0.30-b1-2-g02819fbbbe (webtiles) character file.

Game seed: 5833531273847751180

7459 ketsa the Destroyer (level 10, -10/50 HPs)
             Began as a Deep Elf Conjurer on May 21, 2023.
             Was an Initiate of Gozag.
             Mangled by a fire elemental (11 damage)
             ... summoned by a deep elf pyromancer
             ... on level 9 of the Dungeon.
             The game lasted 00:44:00 (14079 turns).

ketsa the Destroyer (Deep Elf Conjurer)            Turns: 14079, Time: 00:44:01

Health: -10/50     AC: 10    Str:  4    XL:     10   Next: 94%
Magic:  18/24      EV: 16    Int: 28    God:    Gozag
Gold:   1464       SH:  0    Dex: 17    Spells: 6/26 levels left

rFire   . . .        (no weapon)
rCold   + + .        (no shield)
rNeg    + . .        l - +2 robe of the Great Game {rC+ Dex+4}
rPois   .            D - +1 hat
rElec   .            E - +2 cloak
rCorr   .            (no gloves)
SInv    .            a - +1 pair of boots
Will    +....        (no amulet)
Stlth   +++          o - ring of positive energy
HPRegen 0.28/turn    q - ring of protection from cold
MPRegen 0.19/turn

%: no passive effects
@: no status effects
A: no striking features
a: Renounce Religion, Potion Petition, Call Merchant, Bribe Branch


You were on level 9 of the Dungeon.
You worshipped Gozag.
Gozag was most pleased with you.
You visited 2 branches of the dungeon, and saw 10 of its levels.

You collected 1831 gold pieces.
You spent 343 gold pieces at shops.
You paid 24 gold pieces to Gozag.

Inventory:

Hand Weapons
 d - a +1 dagger
 n - a +1 great sword of holy wrath
 H - a +5 dagger
Missiles
 r - 5 javelins
Armour
 a - a +1 pair of boots (worn)
 l - the +2 robe of the Great Game (worn) {rC+ Dex+4}
   (You bought it in a shop on level 5 of the Dungeon)

   Dex:       It affects your dexterity (+4).
   rC:        It protects you from cold.
 u - a scarf of shadows
 D - a +1 hat (worn)
 E - a +2 cloak (worn)
Jewellery
 o - a ring of positive energy (left hand)
 q - a ring of protection from cold (right hand)
 t - a +4 ring of protection
Wands
 j - a wand of iceblast (7)
 y - a wand of polymorph (9)
 z - a wand of flame (21)
 A - a wand of mindburst (12)
Scrolls
 f - a scroll of immolation
 k - 2 scrolls of vulnerability
 x - a scroll of enchant weapon
 F - a scroll of brand weapon {unknown}
 G - a scroll of poison {unknown}
Potions
 c - 3 potions of haste
 e - 6 potions of brilliance
 g - a potion of berserk rage
 h - 2 potions of curing
 i - 2 potions of resistance
 m - 3 potions of attraction
 v - 2 potions of lignification
 w - 2 potions of mutation
 B - 2 potions of might {unknown}
 C - 3 potions of flight


   Skills:
 - Level 7.0 Dodging
 - Level 5.1 Stealth
 + Level 8.5 Spellcasting
 - Level 11.2 Conjurations
 - Level 9.6 Hexes
 * Level 4.3 Summonings
 - Level 4.1 Translocations
 + Level 5.8 Earth Magic


You had 6 spell levels left.
You knew the following spells:

 Your Spells              Type           Power      Damage    Failure   Level
a - Magic Dart            Conj           100%       1d8       1%          1
b - Searing Ray           Conj           100%       2d8       1%          2
c - Dazzling Flash        Conj/Hex       100%       N/A       1%          3
d - Fulminant Prism       Conj/Hex       31%        3d15      1%          4
e - Stone Arrow           Conj/Erth      100%       3d13      1%          3
f - Iskenderun's Mystic   Conj/Tloc      53%        2d11      1%          4
g - Summon Guardian Gole  Hex/Summ       50%        N/A       1%          3

Your spell library contained the following spells:

 Spells                   Type           Power      Damage    Failure   Level
 Summon Small Mammal      Summ           100%       N/A       1%          1
 Call Canine Familiar     Summ           36%        N/A       2%          3
 Gell's Gravitas          Tloc           35%        N/A       2%          3
 Teleport Other           Tloc           35%        N/A       2%          3
 Vhi's Electric Charge    Tloc/Air       46%        N/A       6%          3
 Animate Armour           Summ/Erth      80%        N/A       6%          4
 Arcjolt                  Conj/Air       21%        1d31      13%         5
 Dispersal                Tloc           17%        N/A       78%         6
 Plasma Beam              Fire/Air       5%         2x1d17    100%        6
 Lehudib's Crystal Spear  Conj/Erth      28%        10d7      100%        8


Dungeon Overview and Level Annotations

Branches:
Dungeon (9/15) Zot: 25628  Temple (1/1) D:5 Zot: 5770
   Lair: D:8-11         Orc: D:9-12

Altars:
Ashenzari
Cheibriados
Dithmenos
Elyvilon
Gozag
Hepliaklqana
Kikubaaqudgha
Makhleb
Nemelex Xobeh
Okawaru
Qazlal
Ru
Sif Muna
Trog
Uskayaw
Vehumet
Wu Jian
Xom
Yredelemnul
Zin
The Shining One

Shops:
D:2 (   D:5 [

Portals:
Abyss: D:3

Annotations:
D:4 Menkaure
D:6 1 runed translucent door, Arcadio's ghost, novice SpBr


Message History

The scroll dissolves into smoke.
Okay, then.
Okay, then.
The deep elf pyromancer mumbles some strange words.
The deep elf pyromancer blinks!
The deep elf pyromancer casts a spell.
You see here a +0 whip.
The deep elf pyromancer attacks as you move away!
The deep elf pyromancer hits you with a +0 long sword.
* * * LOW HITPOINT WARNING * * *
The fire elemental hits you. The fire elemental burns you!
* * * LOW HITPOINT WARNING * * *
Okay, then.
Magic courses through your body.
The deep elf pyromancer casts a spell.
The deep elf pyromancer blinks!
The fire elemental closely misses you.
Casting: Stone Arrow (safe; 1% risk of failure)
Confirm with . or Enter, or press ? or * to list all spells.
Aiming: Stone Arrow (safe; 1% risk of failure)
Press: ? - help, Shift-Dir - straight line, f - fire elemental
Aim: a fire elemental (translocational energy, summoned, 72% to hit)
The stone arrow hits the fire elemental!!
You destroy the fire elemental!
The fire elemental disappears in a puff of smoke!
The deep elf pyromancer points at you and mumbles some strange words.
The sticky flame misses you.
The fire elemental completely misses you.
Casting: Stone Arrow (safe; 1% risk of failure)
Confirm with . or Enter, or press ? or * to list all spells.
Aiming: Stone Arrow (safe; 1% risk of failure)
Press: ? - help, Shift-Dir - straight line, f - fire elemental
Aim: a fire elemental (summoned, 72% to hit)
The stone arrow hits the fire elemental!!
The fire elemental is severely damaged.
The fire elemental barely misses you.
The deep elf pyromancer hits you with a +0 long sword.
* * * LOW HITPOINT WARNING * * *
The fire elemental hits you. The fire elemental burns you!
You die...
Your body crumbles into a pile of gold.

#
#.#######).(#
#..<#######..
# # #[)(#
#.[.# #.. #
#...# #...#
#.. # #...#
#...# #.. #
#...# #...#
#.. # #...#
#...# #.. #
#§○○# #...#
#.. # #§.E#
#...# #.. .
#..@####...#
#...e......#
#..#####...#
#..# #...#
#..# #...#
#..# #.....
#..# #......
#..# #..#####
...# ..#


You could see a deep elf pyromancer and a fire elemental (summoned).

Vanquished Creatures
  A two-headed ogre (D:8)
  Maurice (D:8)
  Grinder (D:3)
  A troll (D:9)
  4 dream sheep
  Sigmund (D:4)
  8 yaks
  5 orc warriors
  2 ice beasts (D:6)
  A sky beast (D:5)
  An ogre (D:8)
  3 centaurs
  A phantom (D:5)
  A kobold brigand (D:9)
  5 bullfrogs
  2 gnoll sergeants (D:9)
  9 scorpions
  13 wights
  2 howler monkeys
  3 hounds
  2 jellies
  A sleepcap (D:6)
  3 orc priests
  Crazy Yiuf (D:3)
  2 gnoll boudas
  An iron imp (D:3)
  4 iguanas
  Natasha (thrice) (D:3)
  7 orc wizards
  A statue (D:4)
  Robin (D:4)
  6 adders
  19 gnolls
  A shadow imp (D:5)
  4 white imps
  2 worms
  The ghost of GrimJard the Ducker, a weakling SpBe of Trog (D:3)
  36 orcs
  13 endoplasms
  3 giant cockroaches
  7 hobgoblins
  6 jackals (D:1)
  12 kobolds
  2 quokkas
  5 ball pythons
  4 bats
  6 frilled lizards
  18 goblins
  5 rats
241 creatures vanquished.

Vanquished Creatures (others)
  A gnoll (D:9)
  11 fulminant prisms
  13 plants (D:3)
25 creatures vanquished.

Grand Total: 266 creatures vanquished

Notes
Turn   | Place    | Note
-------+----------+-------------------------------------------
     0 | D:1      | ketsa the Deep Elf Conjurer began the quest for the Orb.
     0 | D:1      | Reached XP level 1. HP: 10/10 MP: 6/6
   344 | D:1      | Reached XP level 2. HP: 15/15 MP: 5/8
   899 | D:1      | Learned a level 2 spell: Searing Ray
  1231 | D:1      | Reached skill level 5 in Conjurations
  1231 | D:1      | Reached XP level 3. HP: 19/19 MP: 8/10
  2071 | D:2      | Found Pyaconus's Antique Weapon Emporium.
  2285 | D:2      | Reached XP level 4. HP: 24/24 MP: 8/12
  2384 | D:2      | Found an opulent altar of Gozag.
  2397 | D:2      | Became a worshipper of Gozag Ym Sagoz the Greedy
  2677 | D:3      | Found a transporter.
  2821 | D:3      | Found a transporter.
  2825 | D:3      | Found a one-way gate to the infinite horrors of the Abyss.
  2949 | D:3      | Reached skill level 5 in Spellcasting
  3217 | D:3      | Noticed Natasha
  3226 | D:3      | Reached XP level 5. HP: 27/28 MP: 11/14
  3258 | D:3      | Learned a level 3 spell: Dazzling Flash
  3344 | D:3      | Killed Natasha
  3345 | D:3      | Reached skill level 6 in Conjurations
  3345 | D:3      | Reached skill level 1 in Hexes
  3450 | D:3      | Noticed GrimJard's ghost (weakling SpBe)
  3463 | D:3      | Noticed Natasha
  3466 | D:3      | Killed Natasha
  3528 | D:3      | Noticed Natasha
  3535 | D:3      | Killed Natasha
  3634 | D:3      | Noticed Grinder
  3646 | D:3      | Paralysed by Grinder for 4 turns
  3651 | D:3      | Paralysed by Grinder for 2 turns
  3868 | D:4      | Noticed Robin
  3871 | D:4      | Reached XP level 6. HP: 32/32 MP: 9/16
  3891 | D:4      | Killed Robin
  4310 | D:4      | Noticed Sigmund
  4338 | D:4      | Noticed Menkaure
  4372 | D:5      | Entered Level 5 of the Dungeon
  4548 | D:5      | Reached skill level 7 in Conjurations
  4553 | D:5      | Reached XP level 7. HP: 31/36 MP: 6/17
  4683 | D:5      | Reached skill level 5 in Hexes
  4822 | D:5      | Found a staircase to the Ecumenical Temple.
  4830 | Temple   | Entered the Ecumenical Temple
  5163 | D:5      | Reached skill level 8 in Conjurations
  5246 | D:5      | Learned a level 4 spell: Fulminant Prism
  5505 | D:5      | Found Pocvats's Antique Armour Boutique.
  5512 | D:5      | Bought an ichor-stained robe for 148 gold pieces
  5512 | D:5      | Identified the +2 robe of the Great Game {rC+ Dex+4} (You
                  | bought it in a shop on level 5 of the Dungeon)
  5524 | D:5      | Bought a pair of runed boots for 195 gold pieces
  5689 | D:5      | Found a bloodstained altar of Trog.
  5690 | D:5      | Found a hide-covered altar of Uskayaw.
  5908 | D:6      | Reached XP level 8. HP: 38/41 MP: 13/18
  6114 | D:6      | Found a runed translucent door.
  6118 | D:6      | Noticed Arcadio's ghost (novice SpBr)
  6172 | D:6      | Reached skill level 9 in Conjurations
  7261 | D:7      | Reached skill level 10 in Conjurations
  7838 | D:7      | Reached XP level 9. HP: 26/45 MP: 14/19
  8340 | D:7      | Reached skill level 5 in Stealth
  8688 | D:8      | Learned a level 3 spell: Stone Arrow
  8798 | D:3      | Killed Grinder
  8799 | D:3      | Reached skill level 5 in Dodging
  8799 | D:3      | Reached skill level 1 in Translocations
  8799 | D:3      | Reached skill level 1 in Earth Magic
  8932 | D:3      | Killed GrimJard's ghost
  9171 | D:3      | Found a shimmering altar of Xom.
  9171 | D:3      | Found a glowing golden altar of the Shining One.
  9293 | D:3      | You fall into a shaft and drop 2 floors!
  9479 | D:3      | Found a runed translucent door.
  9480 | D:3      | Noticed Crazy Yiuf
  9484 | D:3      | Killed Crazy Yiuf
  9618 | D:4      | Found a radiant altar of Vehumet.
 10155 | D:4      | Reached skill level 11 in Conjurations
 10556 | D:4      | Killed Sigmund
 10960 | D:7      | Reached XP level 10. HP: 39/50 MP: 13/21
 11014 | D:7      | Learned a level 4 spell: Iskenderun's Mystic Blast
 11142 | D:8      | Noticed Maurice
 11344 | D:8      | Killed Maurice
 11707 | D:8      | Noticed a two-headed ogre
 11981 | D:8      | Found a stormy altar of Qazlal.
 12113 | D:8      | Killed a two-headed ogre
 12710 | D:8      | Learned a level 3 spell: Summon Guardian Golem
 12717 | D:9      | Reached skill level 1 in Summonings
 12829 | D:9      | Reached skill level 5 in Earth Magic
 14019 | D:9      | Noticed a deep elf pyromancer
 14079 | D:9      | HP: 1/50 [deep elf pyromancer/+0 long sword (6)]
 14079 | D:9      | Mangled by a fire elemental

Illustrated notes

Levels and vault maps discovered:
D:1:      mrwooster_arrival_statue, layout_basic, grunt_decor_clamped,
          kennysheep_minor_cross, kennysheep_another_room,
          hangedman_decor_points, serial_bayou_pond_e,
          nicolae_concentric_dashed_squares_wild, hangedman_decor_lopped,
          serial_bayou_crossing
D:2:      layout_loops_ring, serial_shops, nicolae_shop_rolling_square,
          basic_altar, grunt_ministairs_6
D:3:      layout_loops_ring, gammafunk_temple_overflow_wave,
          gammafunk_ghost_abyssal_escape, nicolae_grassy_gnolls,
          uniq_crazy_yiuf_cottage, uniq_grinder, uniq_natasha
D:4:      layout_basic, vehumet_statue, kennysheep_generic_room_10,
          uniq_menkaure, uniq_robin, uniq_sigmund
D:5:      layout_loops_cross, gammafunk_temple_overflow_statue,
          minmay_temple_entry_waves, serial_shops, shop_statue
D:6:      layout_rooms, ebering_ghost_sewer_d
D:7:      layout_basic, dreamdust_gnoll_shepherd
D:8:      layout_cave_pools, kennysheep_little_box, special_room
          [special_room_orc], uniq_maurice
D:9:      layout_long_grid, fedhas_altar_1, serial_shops, shop
Temple:   nicolae_temple_bog_church

Skill      XL: |  1  2  3  4  5  6  7  8  9 10 |
---------------+-------------------------------+-----
Spellcasting   | 4 5 6 8 |  8.5
Conjurations   | 5 6 7 8 10 11 | 11.2
Hexes          | 2 4 7 9 |  9.6
Stealth        | 3 5 |  5.1
Dodging        | 6 7 |  7.0
Translocations | 2 4 |  4.1
Earth Magic    | 3 5 |  5.8
Summonings     | 4 |  4.3

Action                     |  1- 3 |  4- 6 |  7- 9 | 10-12 || total
---------------------------+-------+-------+-------+-------++-------
   Cast: Magic Dart        |    82 |    63 |    83 |    90 ||   318
         Searing Ray       |     3 |    19 |    56 |     7 ||    85
         Fulminant Prism   |       |       |     2 |     9 ||    11
         Stone Arrow       |       |       |    15 |    55 ||    70
         Dazzling Flash    |       |       |     1 |       ||     1
         Iskenderun's Myst |       |       |       |     4 ||     4
         Summon Guardian G |       |       |       |     3 ||     3
    Use: Scroll            |       |     7 |     8 |     6 ||    21
         Potion            |       |       |     1 |     1 ||     2
 Armour: Robe              |     2 |     2 |    26 |    16 ||    46
  Dodge: Dodged            |     7 |     7 |    59 |    33 ||   106
